woodfighter, chaotic female orcish Cavewoman ----- ############....| #------ |...| -------- #|....+#####..(.| |....|.+ ##...Y>| |...| |......| ##|...@| |...| |.<.....#### ------ --.-- |......| # ## --------### # ## # ### #`## # ######## ## --.----### ------|------ |......# ##-...........| |...*.| # |......)....| |.....-##################### |...........+ --.---- ------------- # woodfighter the Young Cave Woman Experience level: 6 Strength: 16 Dexterity: 15 Constitution: 18 Intelligence: 8 Wisdom: 10 Charisma: 11 Health: 0(60) Energy: 17(17) Def: 7 Gold: 858 Moves: 3387 Dungeon seed: 9uiRMEvAmgGdFI_x Game ID: woodfighter_1486398690 Your Inventory: Coins $ - 858 gold pieces Weapons a - a +1 club (weapon in hand) b - a +2 sling (alternate weapon; not wielded) Armor n - an uncursed +1 elven mithril-coat (being worn) q - an uncursed +0 elven cloak r - a blessed +0 pair of water walking boots (being worn) y - an uncursed +0 mummy wrapping z - a cursed -1 pair of leather gloves N - an uncursed +0 pair of leather gloves Comestibles i - 2 uncursed lembas wafers x - an uncursed eucalyptus leaf C - an uncursed sprig of wolfsbane G - an uncursed food ration Scrolls h - a blessed scroll of enchant weapon u - an uncursed scroll of scare monster w - 4 uncursed scrolls of blank paper F - an uncursed scroll of stinking cloud K - an uncursed scroll of enchant weapon L - a blessed scroll of blank paper Potions k - an uncursed potion of water p - an uncursed potion of paralysis s - a blessed potion of booze D - an uncursed potion of gain energy E - 4 uncursed potions of water H - an uncursed potion of blindness Rings m - a cursed ring of protection from shape changers Tools J - an uncursed stethoscope Gems e - 12 uncursed flints (in quiver) Spells and supernatural/magical abilities: Name Level Category Fail Memory W - pray for help -- divine ? -- Your skills at the end: Miscellaneous Skills bare handed combat [Basic] Weapon Skills scimitar [Basic] club [Basic] sling [Basic] Spellcasting Skills Final Attributes: You were piously aligned. You were fire resistant. You were poison resistant. You had infravision. You were very stealthy. You could walk on water. You are dead. Vanquished creatures: a large mimic 2 small mimics a giant spider an orc mummy a rope golem 2 ponies a fog cloud a gray ooze an elf zombie 2 straw golems a paper golem 3 giant ants an iguana a jitterbug an orc zombie a coyote a gas spore 3 hobbits 2 geckos a yellow mold a red mold a gnome 5 manes a gnome zombie 3 jackals a fox a kobold 5 newts 3 sewer rats 5 grid bugs 3 bats 8 lichens a kobold zombie 66 creatures vanquished. Voluntary challenges: You did not adorn yourself with jewelry or accessories. You did not cause conflict. You were not invisible. You did not have reflection. You were not displaced. You used a wielded weapon 141 times, starting on turn 23. You did not use tools. You did not use plumbed fixtures. You did not drink any magical draughts. You read items or engraved 2 times, starting on turn 3281. You never genocided any monsters. You never polymorphed an object. You never changed form. You used no wishes. You never split a pudding. You never wrote Elbereth's name. You never violated your personal moral code. Dungeon overview: The Dungeons of Doom: levels 1 to 9 Level 1 some fountains a long staircase Level 2 (locked box) a general store, an altar to Anu, a fountain Level 3 some fountains stairs to The Gnomish Mines Level 4 a fountain Level 5 Level 6 (locked boxes) a potion shop Level 7 many fountains Level 8 (locked box) <- You were here Level 9 The Gnomish Mines: Level 4 stairs to The Dungeons of Doom History has recorded: On T:1 you entered the Dungeons of Doom to retrieve the Amulet of Yendor! On T:120 you reached level 2 of The Dungeons of Doom. On T:229 you advanced to experience level 2. On T:579 you reached level 3 of The Dungeons of Doom. On T:968 you advanced to experience level 3. On T:1193 you reached level 1 of The Gnomish Mines. On T:1234 you reached level 4 of The Dungeons of Doom. On T:1414 you advanced to experience level 4. On T:1451 you reached level 5 of The Dungeons of Doom. On T:2083 you reached level 6 of The Dungeons of Doom. On T:2493 you advanced to experience level 5. On T:2579 you reached level 7 of The Dungeons of Doom. On T:2728 you advanced to experience level 6. On T:3089 you prayed to Anshar. On T:3170 you reached level 8 of The Dungeons of Doom. On T:3372 you reached level 9 of The Dungeons of Doom. Score breakdown: Gold: 858 ( 85 points) Experience: 6 levels ( 500 points) Exploration: 9 levels ( 240 points) Discoveries: 15 items ( 750 points) Variety of kills: 33 monsters ( 1650 points) Major goal: (nothing yet) ( 0 points) Survival: died (score multiplied by 3) Total score: 9675 Latest messages: You stop exploring. You named this level: locked box. You drop 858 gold pieces. You hit the leprechaun. $ - 58 gold pieces. The leprechaun punches you! Your purse feels lighter. You named this level: locked box. You see here 858 gold pieces. $ - 858 gold pieces. You hit the yeti. The yeti claws you! (2x) The yeti bites! You hit the yeti. The yeti claws you! The yeti just misses! The yeti bites! You hit the yeti. The yeti claws you! (2x) The yeti bites! You hit the yeti. The yeti claws you! (2x) The yeti bites! The yeti claws you! You die... Final status: Goodbye woodfighter the Cavewoman, killed by a yeti... You died in The Dungeons of Doom on dungeon level 8 with 9675 points, and 858 pieces of gold, after 3387 moves. You were level 6 with a maximum of 60 hit points when you died.